 Dungeon Crawl Stone Soup version 0.21-a0-185-g3a6ed1e (webtiles) character file.

99684 Helio the Unseen (level 15, 0/78 HPs)
             Began as a Spriggan Enchanter on Aug 12, 2017.
             Was the Champion of Dithmenos.
             Killed from afar by a deep elf knight (38 damage)
             ... with a shard of ice
             ... on level 1 of the Elven Halls.
             The game lasted 01:41:12 (39655 turns).

Helio the Unseen (Spriggan Enchanter)              Turns: 39655, Time: 01:41:13

Health: 0/78       AC: 10    Str: 14    XL:     15   Next: 78%
Magic:  27/33      EV: 32    Int: 19    God:    Dithmenos [******]
Gold:   1431       SH:  5    Dex: 13    Spells: 5/40 levels left

rFire    . . .     SeeInvis +   E - +6 rapier (elec)
rCold    . . .     Gourm    .   (shield restricted)
rNeg     . . .     Faith    .   K - +1 robe {Archmagi}
rPois    .         Spirit   .   X - +2 hat
rElec    .         Reflect  +   o - +1 cloak
rCorr    .         Harm     .   (gloves unavailable)
MR       ++...                  (boots unavailable)
Stlth    ++++++++++             H - amulet of Xioshrot {Reflect Str+6 Dex-4 SH+5}
HPRegen  0.23/turn              e - +3 ring of protection
MPRegen  0.23/turn              U - +4 ring of evasion

@: very slightly contaminated, wreathed by umbra, invisible, very quick
A: unfitting armour, see invisible, herbivore 3, speed 3, slow metabolism 2
a: Shadow Step, Shadow Form, Renounce Religion


You were on level 1 of the Elven Halls.
You worshipped Dithmenos.
Dithmenos was exalted by your worship.
You were full.

You visited 5 branches of the dungeon, and saw 24 of its levels.
You also visited: Labyrinth.

You collected 2272 gold pieces.
You spent 841 gold pieces at shops.

Inventory:

Hand Weapons
 s - a +0 short sword of electrocution
 E - a +6 rapier of electrocution (weapon)
 L - a +0 dagger of distortion
 V - a +2 short sword of draining
Armour
 o - a +1 cloak (worn)
 G - a +0 buckler of positive energy
 K - a +1 robe of the Archmagi (worn)
 X - a +2 hat (worn)
Jewellery
 e - a +3 ring of protection (left hand)
 u - a +3 ring of evasion
 y - an uncursed ring of positive energy
 H - the amulet of Xioshrot (around neck) {Reflect Str+6 Dex-4 SH+5}
   (You found it on level 12 of the Dungeon)

   [amulet of reflection]

   It shields you and reflects attacks.
   It affects your strength (+6).
   It affects your dexterity (-4).
   It affects your SH (+5).
 J - an uncursed ring of resist corrosion
 M - an uncursed ring of protection from cold
 T - an uncursed ring of wizardry
 U - a +4 ring of evasion (right hand)
 W - an uncursed ring of fire
 Y - an uncursed ring of protection from cold
Wands
 f - a wand of confusion (14/48)
 p - a wand of enslavement (5/24)
 D - a wand of disintegration (11/24)
 Z - a wand of acid (6/15)
Scrolls
 a - 4 scrolls of identify
 g - 4 scrolls of fog
 h - 5 scrolls of recharging
 k - 8 scrolls of teleportation
 m - 2 scrolls of blinking
 n - 7 scrolls of remove curse
 w - 4 scrolls of amnesia
 x - a scroll of magic mapping
Potions
 c - 2 potions of berserk rage
 i - 3 potions of heal wounds
 j - 9 potions of curing
 l - 4 potions of brilliance
 q - 2 potions of magic
 r - 3 potions of haste
 t - a potion of flight
 v - 2 potions of might
 A - 2 potions of resistance
 B - 3 potions of agility
 I - 3 potions of lignification
 S - 2 potions of mutation
Books
 F - a book of Party Tricks

   Spells                             Type                      Level
   a - Summon Butterflies             Summoning                    1
   b - Apportation                    Translocation                1
   c - Lesser Beckoning               Translocation                3
   d - Tukima's Dance                 Hexes                        3
   e - Alistair's Intoxication        Transmutation/Poison         5
   f - Invisibility                   Hexes                        6
Comestibles
 d - 14 bread rations
 z - 15 royal jellies
 C - 20 fruits


   Skills:
 - Level 8.9 Fighting
 - Level 11.8 Short Blades
 - Level 14.8 Dodging
 - Level 19.5 Stealth
 - Level 13.4 Spellcasting
 + Level 16.1 Hexes


You had 5 spell levels left.
You knew the following spells:

 Your Spells              Type           Power        Failure   Level  Hunger
a - Ensorcelled Hibernat  Hex/Ice        ######       1%          2    None
b - Corona                Hex            #######      0%          1    None
c - Confuse               Hex            #######.     1%          3    None
d - Tukima's Dance        Hex            #######.     1%          3    None
e - Dazzling Spray        Conj/Hex       ######       1%          3    None
f - Discord               Hex            #######...   41%         8    #######
g - Cause Fear            Hex            #######...   1%          4    None
h - Invisibility          Hex            #######.     1%          6    #####..
i - Silence               Hex/Air        ######....   5%          5    ####...


Dungeon Overview and Level Annotations

Branches:
Dungeon (14/15)            Temple (1/1) D:6            Lair (6/6) D:8
 Shoals (0/4) Lair:2       Spider (0/4) Lair:3        Slime (0/5) Lair:6
    Orc (2/2) D:10            Elf (1/3) Orc:2        Vaults (0/5) D:13

Altars:
Ashenzari
Cheibriados
Dithmenos
Elyvilon
Fedhas
Gozag
Hepliaklqana
Kikubaaqudgha
Makhleb
Nemelex Xobeh
Okawaru
Qazlal
Ru
Sif Muna
Trog
Uskayaw
Vehumet
Wu Jian
Xom
Yredelemnul
Zin
The Shining One
Beogh

Shops:
D:4 ?!   D:12 *   Orc:2 =%[(   Elf:1 %

Portals:
Trove: D:14 (show abyssal rune of Zot)

Annotations:
D:12 exclusions: orange crystal statue and 1 more exclusion


Innate Abilities, Weirdness & Mutations

You are very small and have problems with some larger weapons.
You are too small for most types of armour.
You have supernaturally acute eyesight. (SInv)
You are a herbivore.
You cover ground extremely quickly.
You need consume almost no food.


Message History

You feel a surge of power!
You fade into invisibility!
You are very lightly contaminated with residual magic.
The deep elf knight casts a spell at you.
The shard of ice misses you.
You closely miss the deep elf knight.
Your shadow hits the deep elf knight with a rapier.
The deep elf knight completely misses you.
You catch the helpless deep elf knight completely off-guard!
You stick the deep elf knight like a pincushion!!!
The deep elf knight is severely wounded.
Your shadow hits the deep elf knight but does no damage.
The deep elf knight gestures at you while chanting.
The shard of ice misses you.
You barely miss the deep elf knight.
The deep elf knight is severely wounded.
The deep elf knight hits you with a long sword!
The deep elf knight casts a spell at you.
The shard of ice hits you!
You die...

####...#########.#...##
##..# #.##.## ##.#
##.#### #.## #####.#.##
#..# #.....##.#
##.###.###.####
###§§§.§.....)######
##§§§§8§....8...)##..
#.§§@§§§..(.).....#..
#.8§§e§.........8.#..
#..§§§§.......^)..#..
#.......8.8.......#..
#........<....)...#..
#.....8.....8.....#..
##...............####
###...........###
#############


You could see a deep elf knight.

Vanquished Creatures
  Asterion (Elf:1)
  Frances (Elf:1)
  Louise (Elf:1)
  A stone giant (Orc:2)
  A minotaur (Lab)
  Josephine (Lair:5)
  A vault guard (D:14)
  4 hydras
  A centaur warrior (D:10)
  An ogre mage (D:13)
  6 two-headed ogres
  4 death yaks (Lair:6)
  A dancing weapon (Elf:1)
  A merfolk avatar (Lair:6)
  A tengu warrior (D:14)
  An orc high priest (Orc:2)
  2 deep elf knights (Elf:1)
  A sea snake (Lair:6)
  2 unseen horrors
  2 harpies (Lair:6)
  2 deep elf archers (Elf:1)
  2 orc knights
  8 ugly things (D:14)
  18 deep elf magi
  5 oklob plants
  3 cyclopes
  An orc sorcerer (Orc:2)
  A manticore (D:13)
  21 elephants
  A centaur zombie (D:12)
  A black mamba (shapeshifter) (D:13)
  A guardian serpent (D:11)
  15 spiny frogs
  A torpor snail (Lair:5)
  4 black mambas
  2 merfolk sirens (Lair:2)
  3 rime drakes (Lair:6)
  Psyche (D:11)
  4 centaur skeletons
  A gargoyle (D:11)
  7 komodo dragons
  A kobold demonologist (D:11)
  3 wind drakes (Lair:6)
  A meliai (D:14)
  A troll (shapeshifter) (Elf:1)
  A queen bee (Lair:2)
  9 trolls
  4 polar bears (Lair:6)
  A hornet (Lair:6)
  5 slime creatures (D:12)
  6 blink frogs
  Prince Ribbit (D:8)
  Grinder (D:3)
  16 dream sheep
  10 hippogriffs
  An air elemental (Elf:1)
  A water elemental (Elf:1)
  4 wyverns
  2 shadows
  57 yaks
  5 wraiths (Lair:5)
  6 basilisks
  2 hungry ghosts
  A fire elemental (Elf:1)
  Grum (D:8)
  A vampire mosquito (D:13)
  A steam dragon (D:13)
  6 wargs
  A soldier ant (D:13)
  8 water moccasins
  4 porcupines
  Duvessa (D:5)
  A swamp drake (D:10)
  4 black bears
  10 ice beasts
  28 orc warriors
  A hornet zombie (D:13)
  A necrophage (D:13)
  3 phantoms
  2 sky beasts
  12 ogres
  4 centaurs
  34 wolves
  13 crocodiles
  6 big kobolds
  18 bullfrogs
  An earth elemental (Elf:1)
  Dowan (D:5)
  3 scorpions
  3 wyvern skeletons
  7 wights (D:12)
  42 killer bees
  6 howler monkeys
  An electric eel (D:14)
  7 crimson imps
  A bullfrog zombie (D:12)
  6 hounds
  2 jellies (D:12)
  25 orc priests
  41 orc wizards
  Crazy Yiuf (D:3)
  2 bullfrog skeletons
  4 iguanas
  8 worker ants
  Natasha (thrice) (D:2)
  A hound zombie (D:5)
  3 howler monkey zombies
  16 adders
  2 howler monkey skeletons
  3 shadow imps
  2 oozes
  An adder zombie (D:8)
  2 adder skeletons
  2 worms (D:2)
  2 dart slugs
  6 leopard geckos
  93 orcs
  A ball python (D:2)
  7 bats
  5 giant cockroaches
  4 goblins
  9 hobgoblins
  8 jackals
  33 kobolds
  2 quokkas
  5 frilled lizards
  A giant cockroach zombie (D:5)
  A jackal zombie (D:8)
  A quokka skeleton (D:8)
  6 rats
  2 fungi
  2 plants (Lair:3)
819 creatures vanquished.

Vanquished Creatures (collateral kills)
  A troll (D:14)
  2 hippogriffs (D:14)
  A sky beast (D:14)
  A big kobold (D:8)
  An orc priest (D:10)
  A worker ant (D:14)
  5 orcs
12 creatures vanquished.

Vanquished Creatures (others)
  2 dancing weapons
  A yak (D:14)
  An orc warrior (D:10)
  A wolf (Lair:6)
  3 orcs
  25 fungi
  17 plants (Lair:6)
50 creatures vanquished.

Grand Total: 881 creatures vanquished

Notes
Turn   | Place    | Note
-------+----------+-------------------------------------------
     0 | D:1      | Helio the Spriggan Enchanter began the quest for the Orb.
     0 | D:1      | Reached XP level 1. HP: 9/9 MP: 5/5
   622 | D:1      | Reached XP level 2. HP: 13/13 MP: 2/7
   626 | D:1      | Learned a level 2 spell: Ensorcelled Hibernation
  1733 | D:2      | Reached XP level 3. HP: 14/16 MP: 2/9
  1755 | D:1      | Learned a level 3 spell: Confuse
  1759 | D:1      | Learned a level 3 spell: Tukima's Dance
  2258 | D:2      | Noticed Natasha
  2268 | D:2      | Killed Natasha
  2268 | D:2      | Reached skill level 5 in Hexes
  2268 | D:2      | Reached XP level 4. HP: 21/21 MP: 0/11
  2346 | D:2      | Noticed an ice beast
  2560 | D:2      | Found a hazy altar of Hepliaklqana.
  2566 | D:2      | Found a shadowy altar of Dithmenos.
  2566 | D:2      | Found a blossoming altar of Fedhas.
  2566 | D:2      | Found an iron altar of Okawaru.
  2569 | D:2      | Found a basalt altar of Yredelemnul.
  2574 | D:2      | Became a worshipper of Dithmenos the Shadowed
  2624 | D:2      | Noticed Natasha
  2738 | D:2      | Killed Natasha
  2955 | D:2      | Killed an ice beast
  2955 | D:2      | Reached skill level 6 in Stealth
  2955 | D:2      | Reached XP level 5. HP: 14/24 MP: 6/12
  3126 | D:2      | Noticed Natasha
  3154 | D:2      | Killed Natasha
  3154 | D:2      | Reached skill level 7 in Stealth
  3342 | D:3      | Learned a level 3 spell: Dazzling Spray
  4043 | D:3      | Reached XP level 6. HP: 28/28 MP: 8/13
  4051 | D:3      | Reached * piety under Dithmenos
  4188 | D:3      | Noticed Grinder
  4296 | D:3      | Killed Grinder
  4296 | D:3      | Reached skill level 9 in Stealth
  4368 | D:3      | Reached skill level 10 in Stealth
  4420 | D:3      | Reached XP level 7. HP: 27/32 MP: 2/14
  4801 | D:3      | Found an iron altar of Okawaru.
  4930 | D:3      | Found a runed door.
  4934 | D:3      | Noticed Crazy Yiuf
  4942 | D:3      | Killed Crazy Yiuf
  5447 | D:4      | Found Becaxtua's Magic Scroll Shop.
  5567 | D:4      | Reached skill level 11 in Stealth
  5643 | D:4      | Found Gatuacki's Distillery.
  5680 | D:4      | Bought a potion of degeneration for 13 gold pieces
  5683 | D:4      | Bought a potion of heal wounds for 65 gold pieces
  5683 | D:4      | Bought a potion of heal wounds for 65 gold pieces
  5726 | D:4      | Found an opulent altar of Gozag.
  6411 | D:5      | Entered Level 5 of the Dungeon
  6971 | D:5      | Reached skill level 12 in Stealth
  7376 | D:5      | Reached XP level 8. HP: 29/36 MP: 12/15
  7621 | D:5      | Reached skill level 13 in Stealth
  7840 | D:5      | Reached ** piety under Dithmenos
  8002 | D:5      | Noticed Duvessa
  8002 | D:5      | Noticed Dowan
  8007 | D:5      | Killed Duvessa
  8009 | D:5      | Killed Dowan
  8009 | D:5      | Reached skill level 1 in Fighting
  8528 | D:6      | Found a staircase to the Ecumenical Temple.
  8559 | Temple   | Entered the Ecumenical Temple
  8788 | D:6      | Reached skill level 5 in Spellcasting
  9765 | D:7      | Reached XP level 9. HP: 42/42 MP: 11/18
 10072 | D:7      | Reached skill level 5 in Dodging
 10254 | D:7      | Reached skill level 14 in Stealth
 10434 | D:7      | Found a burning altar of Makhleb.
 10911 | D:8      | Noticed Prince Ribbit
 10946 | D:8      | Reached *** piety under Dithmenos
 11082 | D:8      | Killed Prince Ribbit
 11285 | D:8      | Found a staircase to the Lair.
 11377 | D:8      | Found an ancient bone altar of Kikubaaqudgha.
 11387 | D:8      | Found a radiant altar of Vehumet.
 11403 | D:8      | Found a deep blue altar of Sif Muna.
 11408 | D:8      | Identified Sif Muna's Volume of the Escort
 11556 | D:8      | Reached XP level 10. HP: 49/49 MP: 21/21
 11584 | D:8      | Reached skill level 5 in Short Blades
 12044 | D:8      | Noticed a three-headed hydra
 12048 | D:8      | Killed a three-headed hydra
 12083 | D:8      | Reached skill level 15 in Stealth
 12188 | D:8      | Noticed Grum
 12195 | D:8      | Killed Grum
 12477 | D:8      | Noticed a two-headed ogre
 12493 | D:8      | Killed a two-headed ogre
 12571 | D:8      | Reached **** piety under Dithmenos
 12772 | D:9      | Noticed a two-headed ogre
 12789 | D:9      | Killed a two-headed ogre
 13147 | D:9      | Found a shimmering altar of Xom.
 13190 | D:9      | Found a hide-covered altar of Uskayaw.
 13256 | D:9      | Reached XP level 11. HP: 54/54 MP: 20/24
 13654 | D:10     | Entered Level 10 of the Dungeon
 13688 | D:10     | Noticed a centaur warrior
 13688 | D:10     | Noticed an unseen horror
 13708 | D:10     | Killed a centaur warrior
 13710 | D:10     | Killed an unseen horror
 15391 | D:10     | Reached skill level 5 in Fighting
 15436 | D:10     | Reached ***** piety under Dithmenos
 15494 | D:10     | Found a staircase to the Orcish Mines.
 15958 | D:11     | Reached skill level 16 in Stealth
 16234 | D:11     | Reached skill level 10 in Dodging
 16280 | D:11     | Noticed Psyche
 16284 | D:11     | Killed Psyche
 16715 | D:11     | Noticed a two-headed ogre
 16719 | D:11     | Killed a two-headed ogre
 16719 | D:11     | Reached skill level 10 in Hexes
 17338 | D:12     | Reached XP level 12. HP: 60/60 MP: 15/26
 17552 | D:12     | Found Fankel's Assorted Antiques.
 18035 | D:12     | Noticed a seven-headed hydra
 18042 | D:12     | Killed a seven-headed hydra
 18099 | D:12     | Reached skill level 10 in Spellcasting
 18142 | D:12     | Found a runed door.
 18153 | D:12     | Noticed a crystal guardian
 18153 | D:12     | Noticed a crystal guardian
 18155 | D:12     | Got a clouded lead amulet
 19333 | D:12     | Bought a scroll labeled IMISAO OTZEW for 22 gold pieces
 19334 | D:12     | Found the +4 Vampire's Tooth {vamp}
 19406 | D:13     | Got a scorched rapier
 19408 | D:13     | Identified the cursed +2 rapier of Inquiry {freeze, Str+2} (You found it on level 13 of the Dungeon)
 19414 | D:13     | Found a labyrinth entrance.
 19424 | Lab      | Entered a labyrinth
 20088 | Lab      | Noticed a minotaur
 20100 | Lab      | Killed a minotaur
 20124 | Lab      | Identified the amulet of Xioshrot {Reflect Str+6 Dex-4 SH+5} (You found it on level 12 of the Dungeon)
 20134 | Lab      | Identified the Handbook of Boosts and Clay
 20143 | D:13     | Noticed a two-headed ogre
 20144 | D:13     | Found a gate to the Vaults.
 20144 | D:13     | Noticed a two-headed ogre
 20209 | D:13     | Reached skill level 17 in Stealth
 20674 | D:13     | Reached ****** piety under Dithmenos
 20749 | D:13     | Noticed a two-headed ogre
 20806 | D:13     | Killed a two-headed ogre
 21187 | D:13     | Noticed an ogre mage
 21215 | D:13     | Killed a two-headed ogre
 21228 | D:13     | Killed a two-headed ogre
 21238 | D:13     | Killed an ogre mage
 21238 | D:13     | Reached XP level 13. HP: 41/65 MP: 20/29
 22537 | D:14     | Found a portal to a secret trove of treasure.
 23712 | D:14     | Reached skill level 18 in Stealth
 23838 | D:14     | Reached skill level 10 in Short Blades
 24439 | D:4      | Bought a scroll of acquirement for 676 gold pieces
 24564 | Lair:1   | Entered Level 1 of the Lair of Beasts
 25816 | Lair:2   | Found a staircase to the Shoals.
 26217 | Lair:2   | Learned a level 8 spell: Discord
 26224 | Lair:2   | Learned a level 6 spell: Deflect Missiles
 26229 | Lair:2   | Learned a level 4 spell: Cause Fear
 26235 | Lair:2   | Learned a level 5 spell: Silence
 27277 | Lair:2   | Reached XP level 14. HP: 46/72 MP: 31/31
 27945 | Lair:3   | Found a hole to the Spider Nest.
 30529 | Lair:5   | Noticed Josephine
 30531 | Lair:5   | Killed Josephine
 30781 | Lair:6   | Entered Level 6 of the Lair of Beasts
 32246 | Lair:6   | Reached skill level 19 in Stealth
 32578 | Lair:5   | Learned a level 6 spell: Invisibility
 33204 | Lair:6   | Reached XP level 15. HP: 54/78 MP: 30/33
 33372 | Lair:6   | Found a staircase to the Slime Pits.
 34682 | Orc:1    | Entered Level 1 of the Orcish Mines
 35179 | Orc:2    | Entered Level 2 of the Orcish Mines
 35868 | Orc:2    | Found a roughly hewn altar of Beogh.
 35980 | Orc:2    | Found a roughly hewn altar of Beogh.
 36056 | Orc:2    | Found a staircase to the Elven Halls.
 36296 | Orc:2    | Found a roughly hewn altar of Beogh.
 36638 | Orc:2    | Noticed an orc warlord
 36986 | Orc:2    | Found a roughly hewn altar of Beogh.
 36993 | Orc:2    | Found Uggy's Jewellery Boutique.
 37235 | Orc:2    | Found a roughly hewn altar of Beogh.
 37541 | Orc:2    | Found Sarepsat's Antique Weapon Boutique.
 37543 | Orc:2    | Found a roughly hewn altar of Beogh.
 37547 | Orc:2    | Found Ubbir's Antique Armour Shop.
 37662 | Orc:2    | Found a roughly hewn altar of Beogh.
 37663 | Orc:2    | Found Xoinuvo's Food Shoppe.
 38014 | Elf:1    | Entered Level 1 of the Elven Halls
 38014 | Elf:1    | Noticed Frances
 38016 | Elf:1    | Killed Frances
 38411 | Elf:1    | Reached skill level 15 in Hexes
 38417 | Elf:1    | Noticed Asterion
 38437 | Elf:1    | Killed Asterion
 38792 | Elf:1    | Found Aperhiem's Food Shoppe.
 38958 | Elf:1    | Noticed Louise
 38978 | Elf:1    | Killed Louise
 39655 | Elf:1    | Killed from afar by a deep elf knight

Vault maps used:
D:1:      ncdulo_halloftheorcs
D:2:      minitemple, uniq_natasha
D:3:      okawaru_ov_weapons_minmay, uniq_grinder, uniq_crazy_yiuf_cottage
D:4:      serial_shops, shop, shop, serial_park_tiny_1, grunt_gozag_breadcrumbs
D:5:      first_bread, minmay_misc_feat_tower, uniq_duvessa
D:6:      temple_fountains
D:7:      nicolae_overflow_hidden_temple
D:8:      palyth_temple_overflow_mages, lair_entry_dummy, hangedman_ranch,
          uniq_prince_ribbit1, uniq_grum
D:9:      xom_teletrap_fun, old_standard_altar, evilmike_surprise_oklob
D:10:     erik_orc_1, minmay_checkerbox
D:11:     nrook_guardian_serpent_ordinary, uniq_psyche
D:12:     serial_shops, nicolae_shop_overgrown_old_shop, minmay_crystal_box
D:13:     kennysheep_six_static_rooms, david_vaults_2, lab_entry_generic
D:14:     enter_trove_5, minivault_24, minivault_19, elves_outpost_lemuel
Temple:   dpeg_chambers_temple
Lair:1:   minivault_24
Lair:2:   elwin_shoals_entry_rooms, special_room, grunt_megastairs_3
Lair:3:   dummy_spider_entry, disabler_island
Lair:5:   minivault_11, uniq_josephine
Lair:6:   gammafunk_lair_ancient_temple, minmay_slime_entry_oklob_open,
          grunt_forest_large_clearings
Orc:2:    grunt_orc_community_town_hall, grunt_orc_community_big_house_1,
          grunt_orc_community_big_house_2, grunt_orc_community_house_3,
          grunt_orc_community_house_3, grunt_orc_community_house_3,
          grunt_orc_community_house_2, grunt_orc_community_house_2,
          nicolae_orc_lost_temple
Elf:1:    elf_arrival_002, serial_shops, shop, hangedman_elf_disciples,
          uniq_louise, uniq_frances, uniq_asterion
Lab:      nicolae_lab_dead_adventurers, nicolae_lab_swirl,
          nicolae_lab_very_dead_end, nicolae_lab_grate, nicolae_lab_garden,
          nicolae_lab_flowing_pool, lab_statue, lab_block

Skill      XL: |  1  2  3  4  5  6  7  8  9 10 11 12 13 14 15 |
---------------+----------------------------------------------+-----
Spellcasting   | 3 4 5 7 8 9 11 12 13 | 13.4
Hexes          | 4 5 6 7 8 10 11 12 13 16 | 16.1
Stealth        | 6 7 10 12 13 14 15 16 17 18 19 | 19.5
Fighting       | 1 3 4 5 6 7 8 |  8.9
Short Blades   | 3 4 6 7 9 10 11 | 11.8
Dodging        | 4 6 8 10 11 13 14 | 14.8

Action                   |  1- 3 |  4- 6 |  7- 9 | 10-12 | 13-15 || total
-------------------------+-------+-------+-------+-------+-------++-------
Melee: Dagger            |    83 |   169 |   381 |   569 |   153 ||  1355
       Rapier            |       |       |       |       |  1289 ||  1289
       Short sword       |       |       |       |       |    39 ||    39
 Cast: Corona            |    13 |       |     2 |       |       ||    15
       Ensorcelled Hiber |    21 |    23 |    56 |    99 |    94 ||   293
       Confuse           |     3 |    18 |    28 |    80 |    48 ||   177
       Tukima's Dance    |       |       |     4 |     4 |       ||     8
       Dazzling Spray    |       |       |     1 |     4 |    53 ||    58
       Invisibility      |       |       |       |       |    14 ||    14
Invok: Shadow Step       |       |       |       |     1 |     6 ||     7
Evoke: Wand              |       |       |       |    20 |     2 ||    22
  Use: Scroll            |     1 |     9 |     5 |    23 |    15 ||    53
       Potion            |     1 |       |     1 |       |     7 ||     9
 Stab: Sleeping          |    19 |    17 |    75 |   109 |   115 ||   335
       Confused          |     1 |     5 |    12 |    59 |    40 ||   117
       Distracted        |       |     1 |       |     5 |     6 ||    12
       Invisible         |       |       |     1 |     1 |    65 ||    67
  Eat: Royal jelly       |       |     1 |     3 |       |     8 ||    12
       Bread ration      |       |     1 |       |       |       ||     1
       Fruit             |       |       |       |    13 |    11 ||    24
Armor: Robe              |    16 |    23 |    35 |    43 |    90 ||   207
Dodge: Dodged            |    86 |   123 |   252 |   406 |  1338 ||  2205
Block: Other             |       |       |       |     5 |   257 ||   262
       Reflection        |       |       |       |       |     1 ||     1
